 Dungeon Crawl Stone Soup version 0.18-a0-844-g9229740 (webtiles) character file.

210 M4edhros the Sneak (level 5, 0/33 HPs)
             Began as an Octopode Artificer on Dec 18, 2015.
             Slain by a giant gecko (3 damage)
             ... on level 3 of the Dungeon.
             The game lasted 00:01:53 (1100 turns).

M4edhros the Sneak (Octopode Artificer)             Turns: 1100, Time: 00:01:53

Health: 0/33       AC:  1    Str: 10    XL:     5   Next: 87%
Magic:  5/8        EV: 13    Int: 15    God:
Gold:   65         SH:  0    Dex: 13    Spells: 0 memorised, 4 levels left

rFire  . . .     SeeInvis .     a - +0 short sword
rCold  . . .     Gourm    .     (no shield)
rNeg   . . .     Faith    .     (helmet restricted)
rPois  .         Spirit   .     (no amulet)
rElec  .         Dismiss  .     (no ring)
rCorr  .         Reflect  .     (no ring)
SustAt .         Harm     .     (no ring)
MR     .....                    (no ring)
Stlth  ++++......               (no ring)
                                (no ring)
                                (no ring)
                                (no ring)

@: not resistant to hostile enchantments, stealthy
A: almost no armour, amphibious, 8 rings, constrict 8, camouflage 1, gelatinous
body 1
a: no special abilities


You were on level 3 of the Dungeon.
You were hungry.

You visited 1 branch of the dungeon, and saw 3 of its levels.

You collected 65 gold pieces.

Inventory:

Hand Weapons
 a - a +0 short sword (weapon)
Missiles
 g - 60 stones (quivered)
 h - 27 sling bullets
 o - 2 throwing nets
Wands
 b - a wand of flame (4)
 c - a wand of enslavement (12)
 d - a wand of random effects (15)
Scrolls
 e - a scroll of random uselessness {unknown}
 i - a scroll of enchant armour {unknown}
 k - 2 scrolls of teleportation {unknown}
 l - 3 scrolls of immolation {unknown}
 n - a scroll of enchant weapon {unknown}
 q - a scroll of identify {unknown}
Potions
 j - a potion of curing {unknown}
 p - a potion of haste {unknown}
Comestibles
 f - 2 bread rations
 m - 2 fruits


   Skills:
 - Level 1.0 Fighting
 - Level 1.0 Short Blades
 * Level 4.0 Dodging
 * Level 5.1 Stealth
 + Level 4.2 Evocations


You had 4 spell levels left.
You didn't know any spells.

Dungeon Overview and Level Annotations

Branches:
Dungeon (3/15)

Altars:
Trog


Innate Abilities, Weirdness & Mutations

You cannot wear most types of armour.
You are amphibious.
You can wear up to eight rings at the same time.
You can use your tentacles to constrict eight enemies at once.
Your skin changes colour to match your surroundings (Stealth).
Your rubbery body absorbs attacks (AC +1).


Message History

Zapping:
b - a wand of flame (6)
Press: ? - help, Shift-Dir - straight line, f/p - Sigmund
Aim: Sigmund, wielding an enchanted scythe and wearing a robe (almost dead, constricted by you)
The puff of flame hits Sigmund.
You kill Sigmund!
Your Dodging skill gained 2 levels and is now at level 4!
Your Stealth skill gained 2 levels and is now at level 5!
Your Evocations skill increases to level 4!
You have reached level 4!
You have reached level 5!
You feel agile.
This wand has 5 charges left.
The giant gecko barely misses you.
Evoke which item? (* to show all) (? for menu, Esc to quit)
Zapping:
b - a wand of flame (5)
Press: ? - help, Shift-Dir - straight line, f - giant gecko
Aim: a giant gecko (clinging)
The puff of flame hits the giant gecko.
The giant gecko is severely wounded.
This wand has 4 charges left.
The giant gecko bites you.
You die...

..#.##.......
#.#.#######.#
#.#.# #.#
######.#.# #+#
#........#
#.#.##.#.# #
#.#.##.#.#
.####.#.#.#....###
g.....l@.........+
#######.##)....###
#.##.#.#.#
#.##.###.# #.....
.# ####.# ## #.#
#.#


You could see a gnoll (sleeping) and a giant gecko.

Vanquished Creatures
  Sigmund (D:3)
  An adder (D:2)
  A worm (D:2)
  3 bats (D:1)
  3 giant cockroaches (D:1)
  5 goblins
  6 hobgoblins
  A jackal (D:2)
  A quokka (D:2)
  A giant gecko (D:2)
  7 kobolds
  5 rats (D:1)
35 creatures vanquished.

Vanquished Creatures (collateral kills)
  A worm (D:2)
  A goblin (D:2)
2 creatures vanquished.

Vanquished Creatures (others)
  A jackal (D:2)
1 creature vanquished.

Grand Total: 38 creatures vanquished

Notes
Turn   | Place    | Note
--------------------------------------------------------------
     0 | D:1      | M4edhros the Octopode Artificer began the quest for the Orb.
     0 | D:1      | Reached XP level 1. HP: 13/13 MP: 3/3
    95 | D:1      | Reached XP level 2. HP: 8/18 MP: 4/4
   432 | D:2      | Reached XP level 3. HP: 16/23 MP: 5/5
   446 | D:2      | Found a bloodstained altar of Trog.
   467 | D:2      | HP: 1/23 [hobgoblin (3)]
  1090 | D:3      | Noticed Sigmund
  1099 | D:3      | Killed Sigmund
  1099 | D:3      | Reached skill level 4 in Dodging
  1099 | D:3      | Reached skill level 5 in Stealth
  1099 | D:3      | Reached XP level 4. HP: 2/28 MP: 5/7
  1099 | D:3      | Reached XP level 5. HP: 2/33 MP: 5/8
  1100 | D:3      | Slain by a giant gecko

Vault maps used:
D:1:      minmay_arrival_diagonal_passages
D:2:      trog_hazing_becter, uniq_terence
D:3:      first_bread, roderic_cross_of_infinity, minmay_misc_feat_square,
          uniq_sigmund

Action                   |  1- 3 |  4- 6 || total
-------------------------+-------+-------++-------
Melee: Short sword       |    73 |       ||    73
Evoke: Wand              |    12 |     2 ||    14
 Stab: Sleeping          |     5 |       ||     5
